 Dungeon Crawl Stone Soup version 0.29-a0-506-ga2e7fffb44 (webtiles) character file.

Game seed: 17338634636084438739

46887 spaghetti the Peltast (level 14, -1/101 HPs)
             Began as a Demonspawn Fighter on May 28, 2022.
             Was an Initiate of Yredelemnul.
             Succumbed to a green death's bolt of poison
             ... on level 2 of the Abyss.
             The game lasted 00:39:40 (25481 turns).

spaghetti the Peltast (Demonspawn Fighter)         Turns: 25481, Time: 00:39:41

Health: -1/101     AC: 30    Str: 16 (18) XL:     14   Next: 6%
Magic:  12/22      EV:  7    Int: 18 (22) God:    Yredelemnul [......]
Gold:   3115       SH: 18    Dex:  7 (10) Spells: 12/23 levels left

rFire   + . .      SeeInvis .     - Unarmed
rCold   . . .      Faith    +   R - +2 kite shield {AC+3}
rNeg    . . .      Spirit   +   o - +3 chain mail
rPois   .          Reflect  .   h - +0 helmet
rElec   .          Harm     .   g - +0 cloak
rCorr   .          Rampage  .   (no gloves)
Will    +....                   Z - +2 pair of boots {rF+}
Stlth   ..........              L - amulet of faith {!P}
HPRegen 0.26/turn               S - +4 ring of protection
MPRegen 0.36/turn               w - +6 ring of intelligence

@: mighty, lethally poisoned (-1 -> -8), invisible
A: claws 1, icemail 1, magic shield, magic regeneration, magic link, sharp
scales 1, condensation shield, talons 1, clever 1, strong 1, wild magic 1,
sturdy frame 1, [clumsy 2], [deterioration 2]
a: Renounce Religion, Recall Undead Harvest


You were on level 2 of the Abyss.
You worshipped Yredelemnul.
Yredelemnul was noncommittal.
You visited 4 branches of the dungeon, and saw 20 of its levels.
You visited the Abyss 1 time.
You also visited: Ossuary and Volcano.

You collected 4249 gold pieces.
You spent 1134 gold pieces at shops.


Innate Abilities, Weirdness & Mutations

You have sharp fingernails.
A meltable icy envelope protects you from harm. (AC +4)
When hurt, damage is shared between your health and your magic reserves.
You regenerate magic rapidly.
When low on magic, you restore magic in place of health.
You are partially covered in razor-sharp scales. (AC +1, Slay +1)
A meltable shield of frost defends you. (SH +4)
You have sharp toenails.
Your mind is acute. (Int +2)
Your muscles are strong. (Str +2)
Your spells are a little harder to cast, but a little more powerful.
Your movements are slightly less encumbered by armour. (ER -2)
[You are very clumsy. (Dex -4)]
[Your body often deteriorates upon taking damage.]


   Skills:
 + Level 6.4 Fighting
 - Level 2.1 Short Blades
 + Level 5.8 Armour
 + Level 0.6 Dodging
 - Level 1.1 Stealth
 - Level 15.0 Shields
 + Level 12.0 Unarmed Combat
 + Level 5.4 Spellcasting
 + Level 5.7 Transmutations
 + Level 5.6 Ice Magic
 + Level 4.9 Invocations


You had 12 spell levels left.
You knew the following spells:

 Your Spells              Type           Power      Damage    Failure   Level
a - Ice Form              Ice/Tmut       32%        N/A       89%         4
b - Call Canine Familiar  Summ           6%         N/A       99%         3
c - Summon Ice Beast      Ice/Summ       19%        N/A       99%         4

Your spell library contained the following spells:

 Spells                   Type           Power      Damage    Failure   Level
 Frozen Ramparts          Ice            64%        1d8       52%         3
 Magic Dart               Conj           24%        1d4       90%         1
 Call Imp                 Summ           6%         N/A       96%         2
 Gell's Gravitas          Tloc           6%         N/A       99%         3
 Inner Flame              Hex/Fire       6%         N/A       99%         3
 Mephitic Cloud           Conj/Pois/Air  6%         N/A       99%         3
 Portal Projectile        Hex/Tloc       12%        N/A       99%         3
 Teleport Other           Tloc           6%         N/A       99%         3
 Blade Hands              Tmut           16%        N/A       99%         5
 Animate Armour           Summ/Erth      12%        N/A       100%        4
 Cause Fear               Hex            3%         N/A       100%        4
 Leda's Liquefaction      Hex/Erth       3%         N/A       100%        4
 Summon Forest            Summ/Tloc      3%         N/A       100%        5
 Dispersal                Tloc           3%         N/A       100%        6
 Eringya's Noxious Bog    Tmut/Pois      9%         N/A       100%        6
 Iron Shot                Conj/Erth      3%         9d2       100%        6
 Summon Hydra             Summ           3%         N/A       100%        7
 Discord                  Hex            3%         N/A       100%        8
 Disjunction              Tloc           3%         N/A       100%        8

Inventory:

Missiles
 i - 28 poisoned darts {throwing}
 k - 4 boomerangs {throwing}
 l - 356 stones (quivered) {throwing}
 t - 8 javelins {throwing}
Armour
 g - a +0 cloak (worn)
   (You found it on level 6 of the Dungeon)
 h - a +0 helmet (worn)
   (You found it on level 5 of the Dungeon)
 o - a +3 chain mail (worn)
   (You found it on level 6 of the Dungeon)
 R - a +2 kite shield of protection (worn)
   (You bought it in a shop on level 7 of the Dungeon)
 Z - a +2 pair of boots of fire resistance (worn)
   (You bought it in a shop on level 9 of the Dungeon)
Magical Staves
 f - a staff of earth {!astaff}
   (You found it on level 3 of the Lair of Beasts)
Jewellery
 a - a ring of willpower
   (You found it on level 4 of the Lair of Beasts)
 w - a +6 ring of intelligence (right claw)
   (You found it on level 7 of the Dungeon)
 x - a ring of protection from cold
   (You took it off a hobgoblin on level 2 of the Dungeon)
 z - a ring of flight
   (You found it on level 1 of the Lair of Beasts)
 L - an amulet of faith (around neck) {!P}
   (You found it on level 10 of the Dungeon)
 P - a ring of protection from cold
   (You found it on level 11 of the Dungeon)
 Q - a ring of fire
   (You found it on level 11 of the Dungeon)
 S - a +4 ring of protection (left claw)
   (You bought it in a shop on level 8 of the Dungeon)
 U - the ring "Ochetec" {rF+ Will+}
   (You found it on level 1 of the Lair of Beasts)

   [ring of protection from fire]

   rF:        It protects you from fire.
   Will:      It increases your willpower.
 W - a ring of fire
   (You found it on level 2 of the Lair of Beasts)
 X - a +6 ring of intelligence
   (You found it on level 2 of the Lair of Beasts)
Wands
 e - a wand of mindburst (22)
   (You found it on level 5 of the Dungeon)
 j - a wand of paralysis (14)
   (You found it on level 6 of the Dungeon)
 s - a wand of flame (60)
   (You took it off an orc on level 7 of the Dungeon)
 u - a wand of acid (2)
   (You found it on level 6 of the Lair of Beasts)
 N - a wand of digging (17)
   (You found it on level 10 of the Dungeon)
Scrolls
 b - 5 scrolls of identify {@r1}
 c - 2 scrolls of poison {!r}
 d - a scroll of immolation {!r!r}
 n - 2 scrolls of fog
 q - 3 scrolls of fear
 y - 4 scrolls of magic mapping {!r}
 B - a scroll of enchant armour
 D - a scroll of silence {!r}
 K - 2 scrolls of amnesia
 T - a scroll of blinking {!r}
 V - 3 scrolls of enchant weapon
 Y - a scroll of noise {!r}
Potions
 m - 7 potions of flight
 p - 2 potions of mutation {!q}
 F - 5 potions of lignification {!q}
 G - 2 potions of attraction {!q}
 H - 4 potions of degeneration {!q@e2}
 I - 2 potions of brilliance
 J - 2 potions of resistance
 M - a potion of magic

Dungeon Overview and Level Annotations

Branches:
Dungeon (12/15)            Temple (1/1) D:7            Lair (6/6) D:11
  Swamp (0/4) Lair:2       Spider (0/4) Lair:3        Slime (0/5) Lair:6
    Orc (1/2) D:10        Ossuary (visited)         Volcano (visited)

Altars:
Ashenzari
Cheibriados
Dithmenos
Elyvilon
Fedhas
Gozag
Hepliaklqana
Kikubaaqudgha
Makhleb
Nemelex Xobeh
Okawaru
Qazlal
Ru
Sif Muna
Trog
Uskayaw
Vehumet
Wu Jian
Xom
Yredelemnul
Zin
The Shining One
Beogh

Shops:
D:6 :   D:7 [!   D:8 (!*=(   D:9 *

Annotations:
D:7 2 transporters, exclusion: downstairs, kyalle's ghost, novice MiFi
D:9 3 runed translucent doors, exclusion: downstairs, croobank's ghost, journeyman GnDe; dabmancer's ghost, journeyman SpWz; dolemite99's ghost, novice DsGl; sirJeffrey23's ghost, novice HOMo; soylentgreeen202's ghost, novice DDNe
Orc:1 Erolcha

... . . #
#. ..####
.## ##
##.## #
#.... .. #
#.####. ##
..#.# ###
.....#
#.####...##
#b@.....#
#########


You could see a fire bat.


Message History

You feel very sick.
You block the fire bat's attack. 😨 HP[-2]
You take 2 damage, and now have 50/101 hp.
You claw the fire bat!
You feel very sick.
You block the fire bat's attack. x2 😨 HP[-3] MP[+1]
You take 3 damage, and now have 47/101 hp.
You barely miss the fire bat.
You feel sick.
The fire bat closely misses you. 😨 HP[-2]
You take 2 damage, and now have 45/101 hp.
You feel sick.
You block the fire bat's attack. 😨 HP[-2]
You take 2 damage, and now have 43/101 hp.
You feel sick.
The fire bat closely misses you. 😨 MP[+1]
You feel sick.
You block the fire bat's attack. 😨 HP[-2]
You take 2 damage, and now have 41/101 hp.
You feel sick.
You block the fire bat's attack. 😨 HP[-1]
You take 1 damage, and now have 40/101 hp.
You scratch the fire bat but do no damage.
You block the fire bat's attack. 😨 MP[+1]
You fade into invisibility!
You feel sick. You block the fire bat's attack.
You feel very mighty all of a sudden.
You feel sick. You block the fire bat's attack. x2
You block the green death's attack. 😨 HP[-1]
You take 1 damage, and now have 39/101 hp.
You scratch the green death.
You feel sick.
You are no longer poisoned.
You block the fire bat's attack.
The fire bat bites you but does no damage.
The green death gestures at you.
You block the poison arrow. 😨 HP[-1] MP[+1]
You take 1 damage, and now have 38/101 hp.
Your mp is fully restored (22).
You scratch the green death.
The fire bat bites you but does no damage.
The green death hits you!
* * * LOW HITPOINT WARNING * * *
😨 HP[-8] MP[-5]
You take 8 damage, and now have 30/101 hp.
You lost 5 mp, and now have 17/22 mp.
You mangle the green death!! You block the fire bat's attack. x2
The green death closely misses you.
You closely miss the green death. You block the fire bat's attack. x2
The green death gestures at you.
The bolt of poison hits you but does no damage.
You are poisoned. 😨 HP[+1] Unknown command.
Unknown command.
You claw the green death!
You feel very sick. You block the fire bat's attack. The green death hits you!!
* * * LOW HITPOINT WARNING * * *
Your body deteriorates!
You feel clumsy. 😱 HP[-18] MP[-7]
You take 18 damage, and now have 13/101 hp.
You lost 7 mp, and now have 10/22 mp.
Unknown command.
Okay, then.
You claw the green death!
* * * LOW HITPOINT WARNING * * *
You feel very sick.
The fire bat barely misses you. 😱 HP[-4]
You take 4 damage, and now have 9/101 hp.
You barely miss the green death.
* * * LOW HITPOINT WARNING * * *
You feel very sick.
The fire bat bites you but does no damage.
The green death hits you but does no damage. 😱 HP[-3]
You take 3 damage, and now have 6/101 hp.
You claw the green death!
* * * LOW HITPOINT WARNING * * *
You feel very sick. You block the fire bat's attack.
The fire bat bites you but does no damage.
The green death hits you but does no damage. 😱 HP[-3] MP[+2]
You take 3 damage, and now have 3/101 hp.
You regained 2 mp, and now have 12/22 mp.
You claw the green death!
You kill the green death!
That felt strangely unrewarding.
* * * LOW HITPOINT WARNING * * *
You feel sick. You block the fire bat's attack.
The fire bat bites you but does no damage. 😱 HP[-2]
You take 2 damage, and now have 1/101 hp.
You die...
Your body rises from the dead as a mindless zombie.

Skill      XL: |  1  2  3  4  5  6  7  8  9 10 11 12 13 |
---------------+----------------------------------------+-----
Short Blades   | 2 |  2.1
Stealth        | 1 |  1.1
Unarmed Combat | 1 2 3 4 5 6 11 12 | 12.0
Ice Magic      | 1 2 3 4 5 |  5.6
Transmutations | 1 2 3 4 5 |  5.7
Spellcasting   | 1 3 4 5 |  5.4
Armour         | 3 4 5 |  5.8
Fighting       | 4 5 6 |  6.4
Invocations    | 2 4 |  4.9
Shields        | 6 11 15 | 15.0
Dodging        | |  0.6

Action                   |  1- 3 |  4- 6 |  7- 9 | 10-12 | 13-15 || total
-------------------------+-------+-------+-------+-------+-------++-------
Melee: Rapier            |    25 |       |       |       |       ||    25
       Unarmed           |   109 |   243 |   396 |   526 |   569 ||  1843
Throw: Dart              |       |    12 |       |       |       ||    12
       Stone             |       |       |     4 |    18 |       ||    22
Invok: Dark Bargain      |       |       |       |     4 |     3 ||     7
       Bind Soul         |       |       |       |       |     1 ||     1
Evoke: Wand              |       |       |    12 |     4 |    18 ||    34
  Use: Potion            |     1 |     7 |     6 |     1 |    20 ||    35
       Scroll            |       |     5 |    13 |    10 |    11 ||    39
 Stab: Distracted        |       |       |       |     7 |     6 ||    13
       Invisible         |       |       |       |       |     3 ||     3
Armor: Scale mail        |    70 |    89 |   111 |       |       ||   270
       Skin              |       |    46 |       |       |       ||    46
       Chain mail        |       |       |   171 |   247 |   277 ||   695
Dodge: Dodged            |    87 |    85 |   131 |   137 |   141 ||   581
Block: Buckler           |    28 |    48 |   105 |    97 |       ||   278
       Kite shield       |       |       |       |   258 |   535 ||   793

Levels and vault maps discovered:
D:1:      kilobyte_arrival_exit_the_forest, layout_basic,
          ebering_ecumenical_altar_webs, minmay_misc_feat_room,
          minmay_worlds_worst_comb
D:2:      layout_basic, hangedman_feature_mirror, uniq_jessica
D:3:      cheibrodos_old_hovel, layout_loops_cross
D:4:      layout_cave_pools, minmay_between
D:5:      layout_loops_corners, mainiacjoe_overflow_swirl, chequers_avenue,
          uniq_pikel
D:6:      layout_basic, mainiacjoe_overflow_catwalk_spiral, serial_shops,
          nicolae_shop_stone
D:7:      layout_basic, temple_pool_b, gammafunk_ghost_gnarly_gnolls,
          serial_shops, kennysheep_mini, nicolae_shop_hallway_plus,
          kennysheep_generic_room_3
D:8:      layout_basic, serial_shops, nicolae_shop_overgrown_old_shop,
          kennysheep_little_box, nicolae_shop_temple_entry_statues_fountains,
          shop, nicolae_shop_bloodbath_and_beyond, gup_ossuary_entry_pyramid,
          minmay_diced_spiral
D:9:      layout_layer_cave, gammafunk_ghost_cemetery, nicolae_shop_fire_sale
          [nicolae_sub_dead_trees]
D:10:     layout_long_grid, david_orc_5, chequers_serial_rivers_micro_b
D:11:     layout_basic, lair_entry_dummy
D:12:     layout_grid_maze, fiery_altar_vehumet
Temple:   hc_temple_tempest_star
Lair:1:   layout_cave_pods, grunt_megastairs_3
Lair:2:   layout_roguey, swamp_mist_pool
Lair:3:   layout_roguey, nicolae_spider_entry_orb_guardian,
          chequers_serial_rivers_micro_a
Lair:4:   layout_big_grid, chequers_serial_rivers_small_3
Lair:5:   layout_hall_layers, enter_volcano_1
Lair:6:   minmay_lair_end_frog_pond, layout_regular_city, slime_dummy
Orc:1:    layout_diamond_mine, basic_altar, minmay_orc_temple_b, uniq_harold,
          uniq_erolcha
Abyss:2:  base: D:5, evilmike_abyss_exit_6, hangedman_abyss_or_decor_slice,
          hangedman_abyss_mock_shop, evilmike_abyss_exit_13, minivault_25_ag,
          hangedman_steaming_rock, hangedman_relentless_pull, minivault_11

Notes
Turn   | Place    | Note
-------+----------+-------------------------------------------
     0 | D:1      | spaghetti the Demonspawn Fighter began the quest for the
                  | Orb.
     0 | D:1      | Reached XP level 1. HP: 18/18 MP: 1/1
     0 | D:1      | magus.rc [v1.9.6]
   162 | D:1      | You pick up a book of the Hunter and begin reading...
   162 | D:1      | You add the spells Call Canine Familiar, Portal Projectile
                  | and Leda's Liquefaction to your library.
   171 | D:1      | Reached skill level 2 in Short Blades
   181 | D:1      | Reached skill level 1 in Stealth
   275 | D:1      | Gained mutation: You have sharp fingernails. [demonic
                  | ancestry]
   275 | D:1      | Reached XP level 2. HP: 14/24 MP: 2/2
   485 | D:1      | Reached skill level 1 in Unarmed Combat
   929 | D:1      | Gained mutation: You regenerate magic rapidly. [demonic
                  | ancestry]
   929 | D:1      | Reached XP level 3. HP: 29/29 MP: 3/3
   962 | D:1      | Reached skill level 2 in Unarmed Combat
  1299 | D:1      | Found a faded altar of an unknown god.
  1412 | D:1      | You pick up a book of Rime and begin reading...
  1412 | D:1      | You add the spells Frozen Ramparts, Ice Form and Summon Ice
                  | Beast to your library.
  1760 | D:2      | Noticed Jessica
  1764 | D:2      | Killed Jessica
  1765 | D:2      | Reached XP level 4. HP: 33/35 MP: 4/4
  2723 | D:2      | Reached skill level 1 in Ice Magic
  2994 | D:3      | Reached skill level 3 in Unarmed Combat
  2994 | D:3      | Reached skill level 1 in Transmutations
  3654 | D:4      | Gained mutation: When hurt, damage is shared between your
                  | health and your magic reserves. [demonic ancestry]
  3654 | D:4      | Reached XP level 5. HP: 35/41 MP: 5/5
  4127 | D:4      | Noticed an ogre
  4139 | D:4      | Killed an ogre
  4140 | D:4      | Reached skill level 1 in Spellcasting
  4140 | D:4      | Reached XP level 6. HP: 38/47 MP: 4/7
  4314 | D:4      | Reached skill level 2 in Ice Magic
  4403 | D:4      | Reached skill level 4 in Unarmed Combat
  4403 | D:4      | Reached skill level 2 in Transmutations
  4707 | D:4      | HP: 11/47 [orc/+2 flail of protection (2)]
  5180 | D:5      | Entered Level 5 of the Dungeon
  5396 | D:5      | Gained mutation: You are partially covered in razor-sharp
                  | scales. (AC +1, Slay +1) [demonic ancestry]
  5396 | D:5      | Reached XP level 7. HP: 47/52 MP: 7/9
  5460 | D:5      | Reached skill level 2 in Spellcasting
  5580 | D:5      | Learned a level 4 spell: Ice Form
  5584 | D:5      | Learned a level 3 spell: Call Canine Familiar
  5605 | D:5      | Reached skill level 3 in Armour
  5857 | D:5      | Gained mutation: You have a pair of small antennae on your
                  | head. [potion of mutation]
  5857 | D:5      | Gained mutation: Your spells are a little harder to cast,
                  | but a little more powerful. [potion of mutation]
  5857 | D:5      | Gained mutation: Armour fits poorly on your strangely
                  | shaped body. [potion of mutation]
  5873 | D:5      | Reached skill level 5 in Unarmed Combat
  5898 | D:5      | Noticed Pikel
  5902 | D:5      | Killed Pikel
  5903 | D:5      | Reached skill level 4 in Fighting
  5903 | D:5      | Reached skill level 3 in Spellcasting
  5903 | D:5      | Reached skill level 3 in Transmutations
  5903 | D:5      | Reached skill level 3 in Ice Magic
  5903 | D:5      | Gained mutation: When low on magic, you restore magic in
                  | place of health. [demonic ancestry]
  5903 | D:5      | Reached XP level 8. HP: 43/60 MP: 10/12
  6020 | D:5      | Learned a level 4 spell: Summon Ice Beast
  6116 | D:5      | Lost mutation: Your spells are a little harder to cast, but
                  | a little more powerful. [potion of mutation]
  6116 | D:5      | Lost mutation: Armour fits poorly on your strangely shaped
                  | body. [potion of mutation]
  6116 | D:5      | Lost mutation: You have a pair of small antennae on your
                  | head. [potion of mutation]
  6116 | D:5      | Gained mutation: Your muscles are strong. (Str +2) [potion
                  | of mutation]
  6116 | D:5      | Gained mutation: Your movements are slightly less
                  | encumbered by armour. (ER -2) [potion of mutation]
  6116 | D:5      | Gained mutation: You have hidden genetic potential. [potion
                  | of mutation]
  6116 | D:5      | Gained mutation: Your spells are a little harder to cast,
                  | but a little more powerful. [potion of mutation]
  6530 | D:5      | Found an iron altar of Okawaru.
  6767 | D:6      | Found a burning altar of Makhleb.
  6825 | D:6      | Reached skill level 6 in Unarmed Combat
  7213 | D:6      | Reached skill level 4 in Armour
  7452 | D:6      | Found Ahahaag's Book Emporium.
  7475 | D:6      | Paralysed by an orc for 4 turns
  7483 | D:6      | Paralysed by an orc for 4 turns
  7874 | D:6      | Reached skill level 4 in Ice Magic
  7874 | D:6      | Gained mutation: A meltable shield of frost defends you.
                  | (SH +4) [demonic ancestry]
  7874 | D:6      | Reached XP level 9. HP: 57/66 MP: 11/14
  8072 | D:7      | Noticed kyalle's ghost (novice MiFi)
  8075 | D:7      | Identified the +9 spear of Seth {venom, Dex+7}
  8075 | D:7      | Identified the +5 scale mail of Cloud Cover {+Blink rElec
                  | Str-3 Int+3}
  8118 | D:7      | Reached skill level 4 in Transmutations
  8256 | D:7      | Found a staircase to the Ecumenical Temple.
  8290 | D:7      | Gained mutation: You have sharp toenails. [hidden
                  | potential]
  8544 | Temple   | Entered the Ecumenical Temple
  8864 | Temple   | Became a worshipper of Yredelemnul the Dark
  8960 | D:7      | Found a transporter.
  8960 | D:7      | Identified the ring of the Saviour {Ice rElec}
  8961 | D:7      | Found a transporter.
  9016 | D:7      | Reached skill level 5 in Fighting
  9018 | D:7      | Reached * piety under Yredelemnul
  9274 | D:7      | Found Ytoef's Armour Shop.
  9333 | D:7      | You add the spells Summon Forest, Eringya's Noxious Bog and
                  | Summon Hydra to your library.
  9392 | D:7      | Found Iseros's Distillery.
  9496 | D:7      | Identified the +4 dagger of the Wilderness {vorpal, rC+
                  | MP-9 Dex+6}
  9501 | D:7      | Reached skill level 4 in Spellcasting
  9501 | D:7      | Reached skill level 1 in Invocations
  9597 | D:8      | Found Yceisch Moija's Antique Weapon Emporium.
  9732 | D:8      | Found Wepughem's Assorted Antiques.
  9739 | D:8      | Found Kompelut's Jewellery Emporium.
  9741 | D:8      | Bought a scroll of enchant armour for 150 gold pieces
  9859 | D:8      | Found a sand-covered staircase.
  9869 | Ossuary  | Entered an ossuary
  9924 | Ossuary  | Reached skill level 7 in Unarmed Combat
 10035 | Ossuary  | Reached skill level 2 in Invocations
 10068 | Ossuary  | Identified a potion of experience
 10073 | Ossuary  | Reached skill level 11 in Unarmed Combat
 10073 | Ossuary  | Reached XP level 10. HP: 74/74 MP: 16/16
 10121 | D:8      | Found Faigeth's Weapon Shop.
 10180 | D:8      | Paralysed by a hornet for 2 turns
 10799 | D:9      | Found a runed translucent gate.
 10800 | D:9      | Found a runed translucent gate.
 10801 | D:9      | Found a runed translucent gate.
 10803 | D:9      | Noticed croobank's ghost (journeyman GnDe)
 10803 | D:9      | Noticed sirJeffrey23's ghost (novice HOMo)
 10803 | D:9      | Noticed dolemite99's ghost (novice DsGl)
 10803 | D:9      | Noticed dabmancer's ghost (journeyman SpWz)
 10803 | D:9      | Noticed soylentgreeen202's ghost (novice DDNe)
 10809 | D:9      | Found Ikkoalitz's Fire Supplies.
 10809 | D:9      | Noticed a two-headed ogre
 10816 | D:9      | Killed a two-headed ogre
 10817 | D:9      | Reached skill level 12 in Unarmed Combat
 11067 | D:9      | Gained mutation: Your mind is acute. (Int +2) [hidden
                  | potential]
 11067 | D:9      | Lost mutation: You have hidden genetic potential. [hidden
                  | potential expressed]
 11418 | D:9      | Reached XP level 11. HP: 63/80 MP: 13/17
 11849 | D:9      | Reached ** piety under Yredelemnul
 11850 | D:9      | Reached skill level 5 in Armour
 12252 | D:10     | Entered Level 10 of the Dungeon
 12257 | D:10     | You add the spells Gell's Gravitas, Teleport Other and
                  | Dispersal to your library.
 12277 | D:10     | Noticed a two-headed ogre
 12284 | D:10     | Killed a two-headed ogre
 12285 | D:10     | Reached skill level 3 in Invocations
 12500 | D:10     | Reached skill level 5 in Transmutations
 12615 | D:10     | Found a staircase to the Orcish Mines.
 12627 | D:10     | Reached *** piety under Yredelemnul
 12660 | D:10     | Reached skill level 5 in Ice Magic
 12660 | D:10     | HP: 16/81 [orc warrior/+0 trident (6)]
 12666 | D:10     | HP: 16/81 [orc warrior/+0 trident (1)]
 13073 | D:10     | Noticed a purple ugly thing
 13091 | D:10     | Killed a purple ugly thing
 13203 | D:10     | Reached **** piety under Yredelemnul
 13211 | D:10     | Reached ***** piety under Yredelemnul
 13212 | D:10     | Reached skill level 6 in Fighting
 13212 | D:10     | Reached skill level 5 in Spellcasting
 13585 | D:11     | Reached skill level 4 in Invocations
 14306 | D:11     | Noticed a two-headed ogre
 14314 | D:11     | Killed a two-headed ogre
 14432 | D:7      | Bought a +2 kite shield of protection for 301 gold pieces
 14486 | D:8      | Found Caitz's Distillery.
 14517 | D:8      | Noticed a two-headed ogre
 14525 | D:8      | Killed a two-headed ogre
 14526 | D:8      | Reached skill level 3 in Shields
 14595 | D:8      | Reached skill level 4 in Shields
 15416 | D:11     | Found a staircase to the Lair.
 15502 | Lair:1   | Entered Level 1 of the Lair of Beasts
 15559 | Lair:1   | Reached skill level 5 in Shields
 15606 | Lair:1   | Reached skill level 6 in Shields
 15739 | Lair:1   | Reached XP level 12. HP: 82/89 MP: 17/19
 15919 | Lair:1   | Identified a scroll of acquirement
 16008 | Lair:1   | Acquired 669 gold pieces
 16077 | Lair:1   | Reached skill level 7 in Shields
 16209 | D:8      | Bought a +4 ring of protection for 468 gold pieces
 16488 | Lair:1   | Identified the ring "Ochetec" {rF+ Will+}
 17034 | Lair:2   | Reached skill level 8 in Shields
 17135 | Lair:2   | Found a staircase to the Swamp.
 17383 | Lair:2   | You pick up a book of Rime and begin reading...
 17425 | Lair:2   | Reached skill level 9 in Shields
 17653 | Lair:2   | Acquired 1044 gold pieces
 18039 | D:9      | Bought a +2 pair of boots of fire resistance for 215 gold
                  | pieces
 18218 | Lair:3   | You pick up a book of Minor Magic and begin reading...
 18218 | Lair:3   | You add the spells Magic Dart, Call Imp and Mephitic Cloud
                  | to your library.
 18294 | Lair:3   | Found a hole to the Spider Nest.
 18526 | Lair:3   | You fall into a shaft and drop 1 floor!
 18550 | Lair:4   | Noticed a four-headed hydra
 18551 | Lair:4   | Noticed a five-headed hydra
 18656 | Lair:3   | Noticed a six-headed hydra
 18674 | Lair:3   | You fall into a shaft and drop 3 floors!
 18674 | Lair:6   | Entered Level 6 of the Lair of Beasts
 18763 | Lair:6   | Reached skill level 10 in Shields
 18823 | Lair:6   | Reached skill level 11 in Shields
 18986 | Lair:6   | Reached ****** piety under Yredelemnul
 18986 | Lair:6   | Gained mutation: A meltable icy envelope protects you from
                  | harm. (AC +4) [demonic ancestry]
 18986 | Lair:6   | Reached XP level 13. HP: 72/94 MP: 20/20
 19120 | Lair:6   | Reached skill level 12 in Shields
 19148 | Lair:6   | You pick up a book of Iron and begin reading...
 19148 | Lair:6   | You add the spells Animate Armour, Blade Hands and Iron
                  | Shot to your library.
 19284 | Lair:6   | Acquired 1103 gold pieces
 19425 | Lair:6   | Reached skill level 13 in Shields
 19897 | Lair:6   | Found a staircase to the Slime Pits.
 20438 | Lair:5   | Found a dark tunnel.
 20466 | Volcano  | Entered a volcano
 20537 | Volcano  | HP: 27/141 [smoke demon/divine providence (9)]
 20543 | Volcano  | HP: 23/141 [steam dragon (3)]
 20871 | Volcano  | Reached skill level 14 in Shields
 20975 | Volcano  | Noticed a fire dragon
 20990 | Volcano  | Killed a fire dragon
 22098 | Lair:4   | You pick up a book of the Warp and begin reading...
 22847 | Lair:3   | You pick up a book of Hexes and begin reading...
 22847 | Lair:3   | You add the spells Inner Flame, Cause Fear and Discord to
                  | your library.
 22872 | Lair:3   | Reached skill level 15 in Shields
 23099 | Orc:1    | Entered Level 1 of the Orcish Mines
 23120 | Orc:1    | Reached XP level 14. HP: 69/101 MP: 15/21
 23325 | Orc:1    | Noticed Harold
 23346 | Orc:1    | Killed Harold
 24171 | Orc:1    | Noticed Erolcha
 24173 | Orc:1    | You are cast into the Abyss!
 24173 | Orc:1    | Cast into level 2 of the Abyss (Erolcha)
 24318 | Abyss:2  | Noticed a tentacled starspawn
 24324 | Abyss:2  | HP: 20/101 [tentacled starspawn (15)]
 24325 | Abyss:2  | Killed a tentacled starspawn
 24538 | Abyss:2  | HP: 21/101 [smoke demon/divine providence (8)]
 24553 | Abyss:2  | Found a shimmering altar of Xom.
 24865 | Abyss:2  | Found a corrupted altar of Lugonu.
 24960 | Abyss:2  | Noticed an ironbound thunderhulk
 24960 | Abyss:2  | Noticed a green very ugly thing
 24960 | Abyss:2  | Noticed a green very ugly thing
 24962 | Abyss:2  | HP: 11/101 [ironbound thunderhulk/bolt of lightning[a
                  | worldbinder] (27)]
 25088 | Abyss:2  | HP: 24/101 [large abomination (12)]
 25095 | Abyss:2  | HP: 13/101 [large abomination (11)]
 25138 | Abyss:2  | HP: 15/101 [fire bat (1)]
 25161 | Abyss:2  | HP: 16/101 [small abomination (2)]
 25355 | Abyss:2  | Noticed an ironbound thunderhulk
 25355 | Abyss:2  | Noticed a white very ugly thing
 25359 | Abyss:2  | Noticed a purple very ugly thing
 25476 | Abyss:2  | HP: 13/101 [green death (13)]
 25478 | Abyss:2  | HP: 6/101 [poisoned by a green death (bolt of poison)]
 25480 | Abyss:2  | HP: 1/101 [poisoned by a green death (bolt of poison)]
 25481 | Abyss:2  | Succumbed to a green death's bolt of poison

Vanquished Creatures
  A green death (Abyss:2)
  Harold (Orc:1)
  2 hydras
  A naga warrior (Abyss:2)
  3 two-headed ogres
  An orc high priest (Orc:1)
  A thrashing horror (Abyss:2)
  A sixfirhy (Abyss:2)
  3 lindwurms (Volcano)
  An orb spider (Lair:3)
  Pikel (D:5)
  A manticore (D:11)
  An ugly thing (D:10)
  2 elephants (Lair:6)
  A large abomination (Abyss:2)
  A black mamba (Lair:6)
  A naga zombie (Abyss:2)
  2 smoke demons
  15 cane toads
  An apocalypse crab (Abyss:2)
  A gargoyle (D:11)
  A rime drake (Lair:5)
  4 komodo dragons
  A polar bear (Lair:1)
  3 raiju (Abyss:2)
  A hornet (D:8)
  13 blink frogs
  3 wyverns
  14 yaks
  A ynoxinul (Abyss:2)
  4 basilisks
  6 vampire mosquitoes
  4 fire bats (Abyss:2)
  A chaos spawn (Abyss:2)
  2 neqoxecs (Abyss:2)
  9 steam dragons
  A warg (Orc:1)
  8 water moccasins
  A hell hound (Volcano)
  A black bear (D:6)
  3 sky beasts
  5 ogres
  5 orc warriors
  9 wolves
  7 centaurs
  3 small abominations (Abyss:2)
  A necrophage (D:5)
  10 bullfrogs
  2 scorpions (D:5)
  2 gnoll sergeants
  4 water moccasin zombies (Ossuary)
  4 wights (D:8)
  An electric eel (Lair:2)
  6 hounds
  10 orc priests
  4 jellies
  Jessica (D:2)
  2 iguanas (D:5)
  9 orc wizards
  4 hell rats (Lair:3)
  3 mummies
  5 adders
  8 gnolls
  A shadow imp (D:5)
  2 white imps
  2 ufetubi (D:4)
  6 adder zombies (Ossuary)
  2 worms
  6 dart slugs
  53 orcs
  3 ball pythons
  12 endoplasms
  7 giant cockroaches
  4 gnoll zombies (Ossuary)
  9 goblins
  6 hobgoblins
  3 jackals (D:1)
  7 kobolds
  5 quokkas
  7 bats
  6 frilled lizards
  A hobgoblin zombie (Ossuary)
  4 kobold zombies (Ossuary)
  8 orc zombies (Ossuary)
  3 rats
385 creatures vanquished.

Vanquished Creatures (collateral kills)
  A tentacled starspawn (Abyss:2)
  A fire dragon (Volcano)
  3 hydras
  A naga warrior (Abyss:2)
  A two-headed ogre (D:8)
  A goliath frog (Lair:6)
  A lindwurm (Volcano)
  A guardian serpent (Abyss:2)
  6 elephants (Lair:6)
  A black mamba (Lair:4)
  A naga zombie (Abyss:2)
  A smoke demon (Abyss:2)
  9 cane toads
  3 komodo dragons
  3 tyrant leeches (Lair:6)
  2 raiju (Abyss:2)
  11 blink frogs
  2 wyverns
  9 yaks
  A basilisk (Lair:4)
  3 vampire mosquitoes (Lair:6)
  3 steam dragons
  2 nagas (Abyss:2)
  A water moccasin (Lair:1)
  A warg (Orc:1)
  An orc warrior (D:10)
  An ogre (Orc:1)
  2 wolves (Lair:2)
  2 centaurs
  7 bullfrogs
  3 howler monkeys (D:9)
  An electric eel (Lair:6)
  A quasit (Abyss:2)
  2 orc priests (Orc:1)
  2 hell rats (Lair:3)
  An orc wizard (D:8)
  3 gnolls
  4 orcs
  A bush (Lair:6)
  2 starspawn tentacles (Abyss:2)
102 creatures vanquished.

Vanquished Creatures (others)
  A guardian serpent zombie (Abyss:2)
  A black mamba zombie (Lair:6)
  3 fire bat zombies (Abyss:2)
  A spectral smoke demon (Volcano)
  A cane toad zombie (Lair:6)
  9 blink frog zombies
  2 elephant zombies (Lair:6)
  2 vampire mosquito zombies (Lair:6)
  A spectral neqoxec (Abyss:2)
  An apocalypse crab zombie (Abyss:2)
  A wyvern zombie (Lair:3)
  4 water moccasin zombies
  A warg zombie (Orc:1)
  3 raiju zombies (Abyss:2)
  A wolf zombie (Lair:6)
  3 centaur zombies
  8 bullfrog zombies
  An ogre zombie (Orc:1)
  2 hell rat zombies (Lair:3)
  4 steam dragon zombies
  An orc (D:7)
  A gnoll zombie (D:10)
  15 orc zombies
  76 fungi
  A lurking horror (Abyss:2)
  154 plants
  A starspawn tentacle (Abyss:2)
299 creatures vanquished.

Grand Total: 786 creatures vanquished

Table legend:
 A = Non-vault XP
 B = Vault XP
 C = Vault XP percentage of total XP
 D = Non-vault monster count
 E = Vault monster count
 F = Vault count percentage of total count
                 A         B        C        D         E       F
            +---------+---------+-------+---------+---------+-------
      Total |   41658 |   20851 |  33.4 |     344 |     140 |  28.9
            +---------+---------+-------+---------+---------+-------
        D:1 |      60 |       8 |  11.8 |      33 |       4 |  10.8
        D:2 |      45 |      41 |  47.7 |      15 |       3 |  16.7
        D:3 |      35 |       2 |   5.4 |      13 |       1 |   7.1
        D:4 |     391 |      48 |  10.9 |      21 |       4 |  16.0
        D:5 |     845 |     607 |  41.8 |      18 |       1 |   5.3
        D:6 |     805 |       0 |   0.0 |      17 |       0 |   0.0
        D:7 |     839 |     108 |  11.4 |      18 |       1 |   5.3
        D:8 |    1780 |     660 |  27.0 |      20 |       6 |  23.1
        D:9 |    1901 |       0 |   0.0 |      11 |       0 |   0.0
       D:10 |    2368 |     670 |  22.1 |      15 |      22 |  59.5
       D:11 |    2502 |       0 |   0.0 |       7 |       0 |   0.0
     Lair:1 |    6325 |     145 |   2.2 |      24 |       1 |   4.0
     Lair:2 |    2977 |       0 |   0.0 |      18 |       0 |   0.0
     Lair:3 |    2587 |     642 |  19.9 |      14 |       1 |   6.7
     Lair:4 |    5022 |       0 |   0.0 |      12 |       0 |   0.0
     Lair:5 |    3507 |       0 |   0.0 |      14 |       0 |   0.0
     Lair:6 |    8638 |   10786 |  55.5 |      26 |      38 |  59.4
      Orc:1 |    1031 |    1989 |  65.9 |      14 |      16 |  53.3
    Abyss:2 |       0 |       0 |   N/A |      34 |       0 |   0.0
    Ossuary |       0 |     401 | 100.0 |       0 |      29 | 100.0
    Volcano |       0 |    4744 | 100.0 |       0 |      13 | 100.0
            +---------+---------+-------+---------+---------+-------

Illustrated notes

Table legend:
 A = Kills in this place as a percentage of kills in entire the game.
 B = Kills by you in this place as a percentage of kills by you in the entire game.
 C = Kills by friends in this place as a percentage of kills by friends in the entire game.
 D = Other kills in this place as a percentage of other kills in the entire game.
 E = Experience gained in this place as a percentage of experience gained in the entire game.
 F = Experience gained in this place divided by the number of levels of this place that you have seen.
                   A       B       C       D       E      F
               +-------+-------+-------+-------+-------+----------------------
         Total | 100.0 | 100.0 | 100.0 |   N/A | 100.0 | 2717.8
       Dungeon |  47.5 |  55.8 |  15.2 |   N/A |  21.9 | 1142.9
          Lair |  30.6 |  21.8 |  64.6 |   N/A |  65.0 | 6771.5
  Orcish Mines |   6.2 |   6.0 |   7.1 |   N/A |   4.8 | 3020.0
         Abyss |   7.0 |   6.2 |  10.1 |   N/A |   0.0 |   0.0
       Ossuary |   6.0 |   7.5 |   0.0 |   N/A |   0.6 | 401.0
       Volcano |   2.7 |   2.6 |   3.0 |   N/A |   7.6 | 4744.0
               +-------+-------+-------+-------+-------+----------------------

Table legend: (Time is in decaauts)
 A = Elapsed time spent in this place.
 B = Non-inter-level travel time spent in this place.
 C = Inter-level travel time spent in this place.
 D = Time resting spent in this place.
 E = Time spent auto-exploring this place.
 F = Levels seen in this place.
 G = Mean time per level.
                   A        B        C        D        E       F      G
               +--------+--------+--------+--------+--------+-----+--------+
         Total |  26990 |  25764 |   1226 |   1914 |  20230 |  23 | 1173.5 |
       Dungeon |  15703 |  14866 |    837 |   1456 |  11508 |  12 | 1308.6 |
        Temple |    347 |    292 |     55 |      0 |    275 |   1 |  347.0 |
          Lair |   7644 |   7311 |    333 |    104 |   6287 |   6 | 1274.0 |
  Orcish Mines |   1138 |   1138 |      0 |      9 |    994 |   1 | 1138.0 |
         Abyss |   1246 |   1246 |      0 |    325 |    549 |   1 | 1246.0 |
       Ossuary |    202 |    202 |      0 |      0 |     76 |   1 |  202.0 |
       Volcano |    706 |    706 |      0 |     19 |    539 |   1 |  706.0 |
               +--------+--------+--------+--------+--------+-----+--------+

Top non-repeatable levels by time:
     D:9: 2205 daAuts
  Lair:6: 1944 daAuts
     D:1: 1759 daAuts
  Lair:1: 1694 daAuts
     D:8: 1664 daAuts
    D:10: 1550 daAuts
     D:4: 1519 daAuts
     D:5: 1509 daAuts
     D:6: 1353 daAuts
 Abyss:2: 1246 daAuts
     D:7: 1242 daAuts
   Orc:1: 1138 daAuts
  Lair:2: 1127 daAuts
  Lair:3: 1073 daAuts
     D:2: 1068 daAuts
